 Dungeon Crawl Stone Soup version 0.17.1-3-g152610e (webtiles) character file.

4 hannobal the Magician (level 1, -4/11 HPs)
             Began as an Octopode Wizard on Mar 1, 2016.
             Slain by a kobold
             ... wielding a +0 whip
              (7 damage)
             ... on level 1 of the Dungeon.
             The game lasted 00:01:11 (180 turns).

hannobal the Magician (Octopode Wizard)              Turns: 180, Time: 00:01:11

Health: -4/11      AC:  1    Str:  6    XL:     1   Next: 70%
Magic:  1/4        EV: 12    Int: 20    God:
Gold:   9          SH:  0    Dex: 10    Spells: 1 memorised, 5 levels left

rFire  . . .     SeeInvis .     a - +1 whip (venom)
rCold  . . .     Clarity  .     (no shield)
rNeg   . . .     SustAt   .     e - +0 hat
rPois  .         Gourm    .     (no amulet)
rElec  .         Spirit   .     (no ring)
rCorr  .         Warding  .     (no ring)
rMut   .         Stasis   .     (no ring)
MR     .....                    (no ring)
Stlth  +++.......               (no ring)
                                (no ring)
                                (no ring)
                                (no ring)

@: very slightly contaminated, not resistant to hostile enchantments, fairly
stealthy
A: almost no armour, amphibious, 8 rings, constrict 8, camouflage 1, gelatinous
body 1
a: no special abilities


You were on level 1 of the Dungeon.
You were not hungry.

You visited 1 branch of the dungeon, and saw 1 of its levels.

You collected 9 gold pieces.

Inventory:

Hand Weapons
 a - a +1 whip of venom (weapon)
 d - a +1 dagger of speed
Armour
 e - a +0 hat (worn)
Books
 b - a book of Minor Magic

   Spells                             Type                      Level
   a - Magic Dart                     Conjuration                  1
   b - Blink                          Translocation                2
   c - Call Imp                       Summoning                    2
   d - Repel Missiles                 Charms/Air                   2
   e - Slow                           Hexes                        2
   f - Conjure Flame                  Conjuration/Fire             3
   g - Mephitic Cloud                 Conjuration/Poison/Air       3
Comestibles
 c - a bread ration


   Skills:
 - Level 2.0 Dodging
 - Level 2.6 Stealth
 - Level 3.0 Spellcasting
 + Level 1.7 Conjurations
   Level 1.0 Summonings
   Level 1.0 Translocations


You had 5 spell levels left.
You knew the following spells:

 Your Spells              Type           Power        Failure   Level  Hunger
z - Magic Dart            Conj           #...         10%         1    None


Dungeon Overview and Level Annotations

Branches:
Dungeon (1/15)

Altars:


Innate Abilities, Weirdness & Mutations

You cannot wear most types of armour.
You are amphibious.
You can wear up to eight rings at the same time.
You can use your tentacles to constrict eight enemies at once.
Your skin changes colour to match your surroundings (Stealth).
Your rubbery body absorbs attacks (AC +1).


Message History

You are very lightly contaminated with residual magic.
You feel a strange surge of energy! The kobold barely misses you.
You closely miss the kobold. Your grab misses the kobold.
The kobold is almost dead.
The kobold hits you with a whip.
You barely miss the kobold. Your grab misses the kobold.
The kobold is almost dead.
The kobold hits you with a whip.
Ouch! That really hurt!
* * * LOW HITPOINT WARNING * * *
Casting: Magic Dart
Confirm with . or Enter, or press ? or * to list all spells.
Aiming: Magic Dart
Press: ? - help, Shift-Dir - straight line, f/p - kobold
Aim: a kobold, wielding a whip (severely wounded)
You miscast Magic Dart.
You feel a strange surge of energy! The kobold hits you with a whip!
Ouch! That really hurt!
You die...

#.# #.# #. #.# #.# #.# #.# #.#
#.# #.###############.##
##.##..........##...##########
......#######..K@............#
##.##.# #..##...########.####
#.##.# #..###.## #.....
#.##.#######..†...# ######
#............######
.....######### ####.# #.#


You could see a kobold.

Vanquished Creatures
  2 kobolds (D:1)
  A bat (D:1)
  2 goblins (D:1)
5 creatures vanquished.

Vanquished Creatures (others)
  A draconian (D:1)
  An octopode (D:1)
  A vine stalker (D:1)
  A troll (D:1)
  A human (D:1)
  3 dwarves (D:1)
  An ogre (D:1)
  2 centaurs (D:1)
  A kobold (D:1)
  4 tentacles (D:1)
  27 tentacle segments (D:1)
43 creatures vanquished.

Grand Total: 48 creatures vanquished

Notes
Turn   | Place    | Note
--------------------------------------------------------------
     0 | D:1      | hannobal the Octopode Wizard began the quest for the Orb.
     0 | D:1      | Reached XP level 1. HP: 11/11 MP: 4/4
     0 | D:1      | Noticed a troll
     0 | D:1      | Noticed a centaur
     0 | D:1      | Noticed an octopode
     0 | D:1      | Noticed a human
     0 | D:1      | Noticed a dwarf
     0 | D:1      | Noticed a kraken
     0 | D:1      | Noticed a dwarf
     0 | D:1      | Noticed an ogre
     0 | D:1      | Noticed a draconian
     0 | D:1      | Noticed a centaur
     0 | D:1      | Noticed a dwarf
     0 | D:1      | Noticed a vine stalker
     2 | D:1      | Killed a centaur
     3 | D:1      | Killed a dwarf
     3 | D:1      | Killed an ogre
     4 | D:1      | Killed a vine stalker
     4 | D:1      | Killed a centaur
     7 | D:1      | Killed a troll
     7 | D:1      | Killed a dwarf
     8 | D:1      | Killed a draconian
     8 | D:1      | Killed a dwarf
     9 | D:1      | Killed a human
     9 | D:1      | Killed an octopode
   180 | D:1      | Slain by a kobold

Action                   || total
-------------------------++-------
Melee: Whip              ||     2
 Cast: Magic Dart        ||    10
